 Dungeon Crawl Stone Soup version 0.16-a0-1982-g8124c91 (webtiles) character file.

136 RobertPalmer the Insei (level 4, 0/32 HPs)
             Began as a Demonspawn Transmuter on Nov 8, 2014.
             Slain by Grinder (7 damage)
             ... while paralysed by Grinder
             ... on level 3 of the Dungeon.
             The game lasted 00:04:55 (3572 turns).

RobertPalmer the Insei (Demonspawn Transmuter)      Turns: 3572, Time: 00:04:55

Health: 0/32       AC:  2    Str: 10    XL:     4   Next: 98%
Magic:  7/7        EV:  2    Int: 15    God:
Gold:   185        SH:  0    Dex: 14    Spells: 2 memorised, 4 levels left

rFire  . . .     SeeInvis .       - Unarmed
rCold  . . .     Clarity  .     c - +0 robe
rNeg   . . .     SustAb   .     (no shield)
rPois  .         Gourm    +     (no helmet)
rElec  .         Spirit   .     (no cloak)
rCorr  .         Warding  .     (no gloves)
rMut   .         Stasis   .     (boots unavailable)
MR     .....                    k - amulet of the gourmand
Stlth  +.........               (no ring)
                                (no ring)

@: paralysed, appendage (expiring), not resistant to hostile enchantments, very
unstealthy
A: claws 1, talons 3
a: End Transformation


You were on level 3 of the Dungeon.
You were not hungry.
You had grown temporary talons.
You visited 1 branch of the dungeon, and saw 3 of its levels.

You collected 185 gold pieces.


Innate Abilities, Weirdness & Mutations

You have sharp fingernails.
You have claws for feet.


   Skills:
 - Level 1.0 Fighting
 - Level 1.7 Dodging
 - Level 5.1 Unarmed Combat
 - Level 2.0 Spellcasting
 + Level 1.8 Transmutations


You had 4 spell levels left.
You knew the following spells:

 Your Spells              Type           Power        Failure   Level  Hunger
z - Beastly Appendage     Trmt           #.....       12%         1    #......
Z - Sticks to Snakes      Trmt           #.........   17%         2    ###....

Inventory:

Missiles
 b - 55 arrows
Armour
 c - a +0 robe (worn)
Jewellery
 k - an amulet of the gourmand (around neck)
Scrolls
 f - a scroll of noise {!r}
 h - 2 scrolls of identify
 j - 2 scrolls of remove curse
 r - 3 scrolls of teleportation
 s - a scroll of blinking {unknown}
Potions
 e - a potion of haste
 g - a potion of heal wounds {unknown}
 m - 2 potions of curing {unknown}
 n - 2 potions of brilliance {unknown}
 o - a potion of lignification {unknown}
 p - 2 potions of cancellation {unknown}
 q - a potion of beneficial mutation {unknown}
 t - a potion of agility {unknown}
Books
 d - a book of Changes
Comestibles
 a - a bread ration
 i - a royal jelly
 l - 4 meat rations

Dungeon Overview and Level Annotations

Branches:
Dungeon (3/15)

Altars:
Cheibriados

Annotations:
D:3 Grinder

.................#
.....###########.#
......# #.#
.....## #.# ###.##
####.#### #.#
#.......# #.#
#..#.##.# ##'##
#..#.# # ##...##
#..K@# #)....##
#..5## ....>..##
#... ........#
#.... ........+
...... .......)#
##.... .......##
##... #.....##
.... ##...## .


You could see Grinder and a kobold.


Message History

The kobold shouts!
The kobold moves out of view.
No target in view!
No target in view!
No target in view!
No target in view!
Grinder comes into view.
Grinder shouts!
Grinder gestures.
Grinder blinks!
The kobold misses you. Grinder closely misses you.
The kobold hits you with a whip.
You closely miss Grinder. You claw Grinder.
Grinder is lightly wounded.
Grinder barely misses you. The kobold hits you with a whip.
You scratch Grinder. You claw Grinder, but do no damage.
Grinder is lightly wounded.
Your transformation is almost over.
Grinder gestures at you.
You suddenly lose the ability to move!
The kobold hits you with a whip. Grinder hits you.
You writhe in agony.
* * * LOW HITPOINT WARNING * * *
The kobold hits you with a whip.
* * * LOW HITPOINT WARNING * * *
Grinder gestures at you.
You shrug off the repeated paralysis!
The kobold hits you with a whip.
* * * LOW HITPOINT WARNING * * *
Grinder hits you!
You die...

Action                   |  1- 3 |  4- 6 || total
-------------------------+-------+-------++-------
Melee: Unarmed           |   177 |    62 ||   239
 Cast: Beastly Appendage |     7 |     4 ||    11
  Use: Potion            |     1 |       ||     1
       Scroll            |       |     5 ||     5
 Stab: Sleeping          |     3 |       ||     3
  Eat: Chunk             |     4 |     6 ||    10

Vault maps used:
D:1:      evilmike_arrival_crescent
D:2:      nicolae_overflow_crystal_walls
D:3:      uniq_grinder

Notes
Turn   | Place    | Note
--------------------------------------------------------------
     0 | D:1      | RobertPalmer, the Demonspawn Transmuter, began the quest for the Orb.
     0 | D:1      | Reached XP level 1. HP: 15/15 MP: 3/3
   162 | D:1      | Reached skill level 3 in Unarmed Combat
   454 | D:1      | Gained mutation: You have sharp fingernails. [demonic ancestry]
   454 | D:1      | Reached XP level 2. HP: 18/21 MP: 4/4
  1462 | D:1      | Reached XP level 3. HP: 19/26 MP: 6/6
  1531 | D:2      | Found a snail-covered altar of Cheibriados.
  1613 | D:2      | Reached skill level 4 in Unarmed Combat
  2192 | D:3      | Reached XP level 4. HP: 23/32 MP: 5/7
  2436 | D:3      | HP: 3/32 [poisoned by an adder]
  3055 | D:3      | Reached skill level 5 in Unarmed Combat
  3359 | D:3      | Learned a level 2 spell: Sticks to Snakes
  3565 | D:3      | Noticed Grinder
  3569 | D:3      | Paralysed by Grinder for 5 turns
  3572 | D:3      | Slain by Grinder

Vanquished Creatures
  A centaur skeleton (D:3)
  2 adders (D:3)
  2 worms
  A giant gecko (D:2)
  An ooze (D:2)
  3 orcs (D:3)
  13 bats
  4 giant cockroaches
  6 goblins
  6 hobgoblins
  5 jackals
  A ball python (D:1)
  8 giant newts
  8 kobolds
  2 quokkas (D:3)
  8 rats
71 creatures vanquished.
